 Dungeon Crawl Stone Soup version 0.28-a0-514-g0d7ab7f379 (webtiles) character file.

Game seed: 10485904833426522290

0 meatgazer the Skirmisher (level 1, -2/18 HPs)
             Began as a Demonspawn Abyssal Knight on Sept 22, 2021.
             Was a Follower of Lugonu.
             Slain by an ice devil (13 damage)
             ... on level 1 of the Abyss.
             The game lasted 00:00:30 (106 turns).

meatgazer the Skirmisher (Demonspawn Abyssal Knight) Turns: 106, Time: 00:00:30

Health: -2/18      AC:  3    Str: 13    XL:     1   Next: 0%
Magic:  2/2        EV: 11    Int: 11    God:    Lugonu [*.....]
Gold:   9          SH:  0    Dex: 13    Spells: 0/0 levels left

rFire   . . .      SeeInvis .   a - +1 spear
rCold   . . .      Faith    .   (no shield)
rNeg    . . .      Spirit   .   b - +0 leather armour
rPois   .          Reflect  .   (no helmet)
rElec   .          Harm     .   (no cloak)
rCorr   .          Rampage  .   (no gloves)
Will    .....                   (no boots)
Stlth   +.........              (no amulet)
HPRegen 0.06/turn               (no ring)
MPRegen 0.08/turn               (no ring)

@: no status effects
A: no striking features
a: Renounce Religion, Depart the Abyss


You were on level 1 of the Abyss.
You worshipped Lugonu.
Lugonu was aware of your devotion.
You visited 0 branches of the dungeon, and saw 0 of its levels.
You visited the Abyss 1 time.

You collected 9 gold pieces.

Inventory:

Hand Weapons
 a - a +1 spear (weapon)
Armour
 b - a +0 leather armour (worn)


   Skills:
 + Level 3.0 Fighting
 + Level 1.7 Polearms
 + Level 1.7 Armour
 + Level 0.8 Dodging
 + Level 2.4 Invocations


You couldn't memorise any spells.
You didn't know any spells.
Your spell library was empty.

Dungeon Overview and Level Annotations

Branches:
Dungeon (0/15)

Altars:


Message History

Welcome, meatgazer the Demonspawn Abyssal Knight.
It is said that the Orb of Zot exists deep within this dungeon.
Lugonu says: Depart the Abyss and spread corruption, my servant! (use the ability menu to exit the Abyss) Press ? for a list of commands and other information.
Found 9 gold pieces.
Found two corrupted altars of Lugonu.
Found a gateway leading out of the Abyss.
Found a gateway leading out of the Abyss.
You now have 9 gold pieces.
Found 20 stones.
Found 27 sling bullets.
A wight bursts from nowhere.
It is wielding a +0 mace.
Found 4 gold pieces.
A tentacled starspawn comes into view.
Tentacles burst from the starspawn's body! 2 starspawn tentacles come into view.
Found a ring mail and 12 gold pieces.
The starspawn tentacle completely misses you.
Found a gateway leading out of the Abyss.
Found 26 bolts.
A small abomination comes into view.
A raiju comes into view.
The raiju barks!
An ice devil comes into view.
The ice devil hits you! The ice devil freezes you!
Ouch! That really hurt!
You die...

## # .#.. #.#
.#...
#.####...##
......... ..
.......# ...
#.....#
...###..4##
....#..@..##
..(........#
.......x...#
.......z..#.#
....#.....# ..
...###.h.## .#
....#.....# .
............#
.............#
#


You could see an ice devil, a raiju, a small abomination and a wight.

Vanquished Creatures (others)
  2 starspawn tentacles (Abyss:1)
2 creatures vanquished.

Notes
Turn   | Place    | Note
-------+----------+-------------------------------------------
     0 | Abyss:1  | meatgazer the Demonspawn Abyssal Knight began the quest for
                  | the Orb.
     0 | Abyss:1  | Reached XP level 1. HP: 18/18 MP: 2/2
    44 | Abyss:1  | Noticed a wight
    78 | Abyss:1  | Noticed a tentacled starspawn
    98 | Abyss:1  | Noticed a small abomination
   101 | Abyss:1  | Noticed a raiju
   103 | Abyss:1  | Noticed an ice devil
   106 | Abyss:1  | Slain by an ice devil

Illustrated notes

Levels and vault maps discovered:
Abyss:1:  base: Temple, base: Temple, hangedman_decor_points,
          hangedman_decor_points

Action                   || total
-------------------------++-------
Dodge: Dodged            ||     1

Table legend: (Time is in decaauts)
 A = Elapsed time spent in this place.
 B = Non-inter-level travel time spent in this place.
 C = Inter-level travel time spent in this place.
 D = Time resting spent in this place.
 E = Time spent auto-exploring this place.
 F = Levels seen in this place.
 G = Mean time per level.
                   A        B        C        D        E       F      G
               +--------+--------+--------+--------+--------+-----+--------+
         Total |    106 |    106 |      0 |      0 |     41 |   1 |  106.0 |
         Abyss |    106 |    106 |      0 |      0 |     41 |   1 |  106.0 |
               +--------+--------+--------+--------+--------+-----+--------+

Top non-repeatable levels by time:
 Abyss:1: 106 daAuts
